 Dungeon Crawl Stone Soup version 0.14-a0-932-g154aeca (webtiles) character file.

126 Malachi the Grasshopper (level 2, -1/18 HPs)
             Began as a High Elf Warper on Nov 18, 2013.
             Slain by Ijyb (3 damage)
             ... on Level 2 of the Dungeon.
             The game lasted 00:02:18 (1662 turns).

Malachi the Grasshopper (High Elf Warper)           Turns: 1662, Time: 00:02:18

HP  -1/18        AC  5     Str 10      XL: 2   Next: 93%
MP   4/4         EV 11     Int 16      God:
Gold 99          SH  0     Dex 14      Spells:  3 memorised,  1 level left

Res.Fire  : . . .   See Invis. : .   k - +2 short sword (freeze)
Res.Cold  : . . .   Warding    : .   b - +0 elf leather armour
Life Prot.: . . .   Conserve   : .   (no shield)
Res.Poison: .       Res.Corr.  : .   (no helmet)
Res.Elec. : .       Clarity    : .   m - +0 elf cloak
Sust.Abil.: . .     Spirit.Shd : .   (no gloves)
Res.Mut.  : .       Stasis     : .   o - +0 pair of boots
Res.Rott. : .       Flight     : .   (no amulet)
Saprovore : . . .                    (no ring)
                                     (no ring)

@: not resistant to hostile enchantments, unstealthy
A: no striking features
a: no special abilities


You were on level 2 of the Dungeon.
You were very hungry.

You visited 1 branch of the dungeon, and saw 2 of its levels.

You collected 99 gold pieces.

Inventory:

Hand weapons
 a - a +0,+0 elven falchion
 k - a +2,+2 short sword of freezing (weapon)
Missiles
 e - 12 darts (quivered)
 f - 3 darts of dispersal
Armour
 b - a +0 elven leather armour (worn)
 m - a +0 elven cloak (worn)
 o - a +0 pair of boots (worn)
Comestibles
 g - a bread ration
Scrolls
 d - a scroll of blinking
 h - 4 scrolls of identify {unknown}
 j - a scroll of enchant weapon I {unknown}
 l - a scroll of amnesia {unknown}
 n - a scroll of remove curse {unknown}
 p - a scroll of random uselessness {unknown}
Potions
 i - a potion of cure mutation {unknown}
Books
 c - a book of Spatial Translocations

   Spells                             Type                      Level
   *Apportation                       Translocation                1
   *Portal Projectile                 Translocation                2
   Blink                              Translocation                2
   *Shroud of Golubria                Charms/Translocation         2
   Teleport Other                     Translocation                3
   Passage of Golubria                Translocation                4


   Skills:
 + Level 2.2 Fighting
 + Level 2.4 Long Blades
 + Level 1.7 Throwing
 + Level 0.8 Armour
 + Level 2.3 Dodging
 + Level 2.7 Spellcasting
 + Level 3.8 Translocations


You had one spell level left.
You knew the following spells:

 Your Spells              Type           Power        Failure   Level  Hunger
a - Apportation           Tloc           ##........   4%          1    #......
b - Portal Projectile     Tloc           ##....       8%          2    ##.....
c - Shroud of Golubria    Chrm/Tloc      #.........   14%         2    ##.....


Dungeon Overview and Level Annotations

Branches:
Dungeon (2/16)

Altars:

Annotations:
D:2 Ijyb, Sigmund


Message History

You closely miss Ijyb.
Ijyb is severely wounded.
Ijyb closely misses you. The goblin barely misses you.
You hit Ijyb. You freeze Ijyb.
Ijyb is severely wounded.
Ijyb drinks a potion.
Ijyb is healed!
The goblin hits you but does no damage.
You closely miss Ijyb.
Ijyb is moderately wounded.
Ijyb barely misses you. The goblin closely misses you. Ijyb hits you.
* * * LOW HITPOINT WARNING * * *
You hit Ijyb. You freeze Ijyb.
Ijyb is heavily wounded.
The goblin barely misses you. Ijyb misses you.
You closely miss Ijyb.
Ijyb is heavily wounded.
The goblin barely misses you. Ijyb hits you but does no damage.
You hit Ijyb. You freeze Ijyb.
Ijyb is severely wounded.
The goblin closely misses you. Ijyb hits you.
You die...

.........# #$.......
.........# #.!.......
.........# #.........!
.........###..........#
.........#............#
.........'.#..........#
.........###..........#
.........# #..........#
.........# #...g@.....#
.........# #####g######
########## #..
.......## ##.#
........# .. .......(#
### ........# ........#
........###


You could see Ijyb and a goblin.

Vanquished Creatures
  A worm (D:2)
  A giant cockroach (D:1)
  3 goblins (D:1)
  4 hobgoblins
  A bat (D:2)
  4 giant newts
  4 kobolds
  4 rats
22 creatures vanquished.

Notes
Turn   | Place    | Note
--------------------------------------------------------------
     0 | D:1      | Malachi, the High Elf Warper, began the quest for the Orb.
     0 | D:1      | Reached XP level 1. HP: 13/13 MP: 2/2
   506 | D:1      | Reached XP level 2. HP: 11/18 MP: 4/4
   625 | D:1      | Learned a level 2 spell: Portal Projectile
   665 | D:1      | Learned a level 2 spell: Shroud of Golubria
  1599 | D:2      | Noticed Sigmund
  1639 | D:2      | Noticed Ijyb
  1662 | D:2      | Slain by Ijyb

Action                   || total
-------------------------++-------
Melee: Short sword       ||    61
       Falchion          ||    14
Throw: Dart              ||    28
